 Dungeon Crawl Stone Soup version 0.17-a0-1996-gd2c0ec8 (webtiles) character file.

256 SlimeFever the Insei (level 5, -2/41 HPs)
             Began as a Demonspawn Monk on Oct 7, 2015.
             Slain by a gnoll
             ... wielding a +0 spear
              (8 damage)
             ... on level 3 of the Dungeon.
             The game lasted 00:18:22 (1993 turns).

SlimeFever the Insei (Demonspawn Monk)              Turns: 1993, Time: 00:18:22

Health: -2/41      AC:  4    Str: 12    XL:     5   Next: 92%
Magic:  5/5        EV: 14    Int: 12    God:
Gold:   155        SH:  0    Dex: 15    Spells: 0 memorised, 4 levels left

rFire  . . .     SeeInvis .       - Unarmed
rCold  . . .     Clarity  .     j - +0 robe
rNeg   . . .     SustAt   .     (no shield)
rPois  .         Gourm    .     (no helmet)
rElec  .         Spirit   .     (no cloak)
rCorr  .         Warding  .     k - +0 pair of gloves
rMut   .         Stasis   .     d - +0 pair of boots
MR     .....                    (no amulet)
Stlth  +.........               (no ring)
                                f - ring of loudness (curse)

@: not resistant to hostile enchantments, very unstealthy
A: powered by death 2
a: no special abilities


You were on level 3 of the Dungeon.
You were not hungry.

You visited 1 branch of the dungeon, and saw 3 of its levels.

You collected 155 gold pieces.

Inventory:

Hand Weapons
 a - a +0 shortbow
Missiles
 l - 19 poisoned needles
 n - 28 arrows
 p - 6 needles of slowing
Armour
 d - a +0 pair of boots (worn)
 j - a +0 robe (worn)
 k - a +0 pair of gloves (worn)
Jewellery
 f - a cursed ring of loudness (left hand)
Scrolls
 c - 2 scrolls of teleportation
 r - a scroll of remove curse
Potions
 e - a potion of curing
 g - a potion of mutation {unknown}
 h - 3 potions of flight {unknown}
 i - a potion of haste {unknown}
 q - 2 potions of brilliance
 s - a potion of lignification {unknown}
Comestibles
 b - 5 bread rations
 m - a meat ration


   Skills:
 + Level 3.6 Fighting
 * Level 4.5 Dodging
 + Level 1.8 Stealth
 * Level 5.0 Unarmed Combat


You had 4 spell levels left.
You didn't know any spells.

Dungeon Overview and Level Annotations

Branches:
Dungeon (3/15)

Altars:
Dithmenos
Kikubaaqudgha
Nemelex Xobeh
Qazlal
The Shining One


Innate Abilities, Weirdness & Mutations

You regenerate health from kills.


Message History

The gnoll barely misses you. The gnoll misses you.
You barely miss the gnoll.
The gnoll is lightly wounded.
The gnoll hits you with a spear. The gnoll hits you with a spear!
* * * LOW HITPOINT WARNING * * *
You hit the gnoll.
The gnoll is moderately wounded.
The gnoll hits you with a spear.
* * * LOW HITPOINT WARNING * * *
The gnoll closely misses you.
You hit the gnoll.
The gnoll is heavily wounded.
The gnoll closely misses you. The gnoll barely misses you.
You closely miss the gnoll.
The gnoll is heavily wounded.
The gnoll misses you.
You barely miss the gnoll.
The gnoll is heavily wounded.
The gnoll hits you with a spear!
You die...

≈≈≈≈≈≈≈≈≈≈≈....≈≈≈≈≈≈≈≈≈≈≈≈≈≈≈≈≈≈
≈≈≈≈≈≈≈≈≈≈.....≈≈≈≈≈≈≈≈≈≈≈≈≈≈≈≈≈≈
≈≈≈≈≈≈≈≈≈≈≈....≈≈≈≈≈≈≈≈≈≈≈≈≈≈≈≈≈≈
############''###################
#....#......)#........(
#.)†.#.(.....))....().)
##....#########.........
.#......#.......)..######
..'......@g......(..#
...#......#g.........#####
#####....#########.........
#....# g..g..'......... #....#
......#......... ######
################


You could see 2 gnolls.

Vanquished Creatures
  A big kobold (D:3)
  An orc priest (D:3)
  3 gnolls (D:3)
  3 adders (D:2)
  An ooze (D:2)
  5 giant geckos
  5 orcs (D:3)
  5 giant cockroaches
  17 hobgoblins
  4 jackals (D:1)
  A quokka (D:3)
  5 bats
  2 giant newts (D:1)
  16 goblins
  10 kobolds
  14 rats
93 creatures vanquished.

Notes
Turn   | Place    | Note
--------------------------------------------------------------
     0 | D:1      | SlimeFever the Demonspawn Monk began the quest for the Orb.
     0 | D:1      | Reached XP level 1. HP: 18/18 MP: 1/1
   412 | D:1      | Gained mutation: You regenerate a little health from kills. [demonic ancestry]
   412 | D:1      | Reached XP level 2. HP: 21/24 MP: 2/2
   439 | D:1      | Found a sparkling altar of Nemelex Xobeh.
   561 | D:1      | Reached skill level 4 in Unarmed Combat
   890 | D:2      | Reached XP level 3. HP: 21/29 MP: 3/3
  1186 | D:2      | Found an ancient bone altar of Kikubaaqudgha.
  1188 | D:2      | Found a glowing golden altar of the Shining One.
  1190 | D:2      | Found a stormy altar of Qazlal.
  1192 | D:2      | Found a shadowy altar of Dithmenos.
  1333 | D:2      | Reached XP level 4. HP: 19/35 MP: 4/4
  1656 | D:3      | Noticed a big kobold
  1669 | D:3      | Gained mutation: You regenerate health from kills. [demonic ancestry]
  1669 | D:3      | Reached XP level 5. HP: 10/41 MP: 5/5
  1898 | D:3      | Killed a big kobold
  1898 | D:3      | Reached skill level 5 in Unarmed Combat
  1993 | D:3      | Slain by a gnoll

Vault maps used:
D:1:      lemuel_arrival_muddy, nemelex_deck
D:2:      minitemple
D:3:      minmay_goblin_kobold_castle, first_bread

Action                   |  1- 3 |  4- 6 || total
-------------------------+-------+-------++-------
Melee: Unarmed           |   164 |   193 ||   357
 Fire: Shortbow          |       |    16 ||    16
  Use: Scroll            |     4 |     6 ||    10
       Potion            |       |     2 ||     2
 Stab: Sleeping          |     2 |       ||     2
  Eat: Meat ration       |       |     1 ||     1
